 Dungeon Crawl Stone Soup version 0.25-a0-1133-g93ebf739aa (webtiles) character file.

Game seed: 8614071548624827322, levelgen mode: classic

363926 Amnesiac the Eclecticist (level 22, -41/140 HPs)
             Began as a Tengu Conjurer on May 22, 2020.
             Was the Champion of Dithmenos.
             Killed from afar by a lich (84 damage)
             ... with a crystal spear
             ... on level 3 of the Vaults.
             The game lasted 03:10:49 (76883 turns).

Amnesiac the Eclecticist (Tengu Conjurer)          Turns: 76883, Time: 03:10:50

Health: -41/140    AC: 10    Str: 10    XL:     22   Next: 51%
Magic:  18/56      EV: 37    Int: 30    God:    Dithmenos [******]
Gold:   1899       SH: 14    Dex: 22    Spells: 25/61 levels left

rFire    + . .     SeeInvis .   a - staff of conjuration {!a}
rCold    + + .     Gourm    .   d - +3 buckler
rNeg     . . .     Faith    .   e - +2 robe {rC+ rF+}
rPois    .         Spirit   .   (helmet restricted)
rElec    .         Reflect  +   I - +2 cloak {rCorr}
rCorr    +         Harm     .   i - +2 pair of gloves {Dex+3}
MR       +++..                  (boots unavailable)
Stlth    ++++++++..             J - amulet "Jaiseiha" {Reflect Int+4 Dex+3 SH+5}
HPRegen  0.33/turn              t - ring of Wogyg {MR+ Int+3}
MPRegen  0.35/turn              L - ring of magical power

@: lethally poisoned (-41 -> -57), flying quickly and evasively, wreathed by
umbra, quick
A: beak, talons 3, cold resistance 1, dopey 1, magic resistance 1, strong 1,
able to fly
}: 2/15 runes: serpentine, barnacled
a: Stop Flying, Shadow Step, Shadow Form, Renounce Religion


You were on level 3 of the Vaults.
You worshipped Dithmenos.
Dithmenos was exalted by your worship.
You were hungry.

You visited 9 branches of the dungeon, and saw 43 of its levels.
You visited 1 bazaar.
You also visited: Ice Cave and Desolation.

You collected 5496 gold pieces.
You spent 3597 gold pieces at shops.

Inventory:

Hand Weapons
 b - the +8 demon trident "Rift" {distort, reach+}
   (You took it off a deep elf high priest on level 3 of the Elven Halls)

   It warps and distorts space around it.
   Unwielding it can cause banishment or high damage.
 S - the cursed +0 morningstar "Dacogi" {drain, rC+ Dex+2, unknown}
   (You found it on level 2 of the Vaults)

   A truly terrible weapon, it drains the life of those it strikes.
   It affects your dexterity (+2).
   It protects you from cold.
   It has a curse placed upon it.
Missiles
 m - 3 curare-tipped darts (quivered)
Armour
 d - a +3 buckler (worn)
 e - a +2 robe of resistance (worn)
 i - a +2 pair of gloves of dexterity (worn)
 F - a +0 troll leather armour
 I - a +2 cloak of preservation (worn)
Magical Staves
 a - an uncursed staff of conjuration (weapon) {!a}
 W - an uncursed staff of wizardry {!a}
Jewellery
 t - the ring of Wogyg (left hand) {MR+ Int+3}
   (You took it off a deep elf demonologist on level 3 of the Elven Halls)

   [ring of protection from magic]

   It affects your intelligence (+3).
   It affects your resistance to hostile enchantments.
 v - an uncursed ring of poison resistance
 w - an uncursed ring of see invisible
 z - an uncursed ring of fire
 A - an uncursed ring of protection from cold
 J - the amulet "Jaiseiha" (around neck) {Reflect Int+4 Dex+3 SH+5}
   (You bought it in a shop on level 2 of the Orcish Mines)

   [amulet of reflection]

   It shields you and reflects attacks.
   It affects your intelligence (+4).
   It affects your dexterity (+3).
   It affects your SH (+5).
 L - a ring of magical power (right hand)
 P - an uncursed amulet of magic regeneration
 Q - a +6 ring of strength
Wands
 j - a wand of acid (15)
 k - a wand of digging (11)
 u - a wand of clouds (4)
 y - a wand of enslavement (42)
 K - a wand of iceblast (45)
 M - a wand of disintegration (23)
 T - a wand of paralysis (10)
Scrolls
 g - 3 scrolls of fog {!r}
 h - a scroll of fear {!r}
 l - 19 scrolls of remove curse {!r}
 o - 2 scrolls of magic mapping {!r}
 p - a scroll of summoning {!r}
 x - 7 scrolls of immolation {!r}
 C - 14 scrolls of teleportation {!r}
 D - a scroll of enchant armour {!r}
 E - 4 scrolls of identify {!r}
 N - a scroll of blinking {!r}
 R - a scroll of torment {!r, unknown}
 U - a scroll of silence {!r}
Potions
 n - 5 potions of stabbing {!q}
 q - 3 potions of brilliance {!q}
 r - 2 potions of resistance {!q}
 s - 2 potions of might {!q}
Miscellaneous
 f - a box of beasts
 G - 4 phantom mirrors
 H - a lightning rod (4/4)
 O - a phial of floods
Comestibles
 c - 21 rations
 B - 3 chunks of flesh


   Skills:
 + Level 15.5 Fighting
 * Level 18.9 Dodging
 - Level 8.0 Stealth
 + Level 6.1 Shields
 - Level 20.0 Spellcasting
 - Level 20.0 Conjurations
 - Level 12.0 Invocations
 - Level 4.0 Evocations


You had 25 spell levels left.
You knew the following spells:

 Your Spells              Type           Power        Failure   Level  Hunger
a - Magic Dart            Conj           ####         0%          1    None
b - Passwall              Tmut/Erth      ####....     1%          2    None
c - Fulminant Prism       Conj/Hex       #######...   1%          4    None
d - Searing Ray           Conj           ######       0%          2    None
e - Orb of Destruction    Conj           ########..   1%          7    ###....
f - Summon Butterflies    Summ           ####....     1%          1    None
g - Iskenderun's Mystic   Conj/Tloc      #######.     1%          4    None
q - Mephitic Cloud        Conj/Pois/Air  #######.     1%          3    None
s - Conjure Flame         Conj/Fire      #######.     1%          3    None
v - Blink                 Tloc           N/A          1%          2    None
w - Iskenderun's Battles  Conj/Chrm      #######.     1%          5    None
z - Swiftness             Chrm/Air       ####....     1%          2    None

Your spell library contained the following spells:

 Spells                   Type           Power        Failure   Level  Hunger
 Animate Skeleton         Necr           N/A          1%          1    None
 Apportation              Tloc           ####..       1%          1    None
 Beastly Appendage        Tmut           ####..       1%          1    None
 Corona                   Hex            ####...      1%          1    None
 Infusion                 Chrm           ####         1%          1    None
 Pain                     Necr           ####         1%          1    None
 Sandblast                Erth           ####..       1%          1    None
 Sting                    Tmut/Pois      ####         1%          1    None
 Summon Small Mammal      Summ           ####         1%          1    None
 Call Imp                 Summ           ####....     1%          2    None
 Poisonous Vapours        Pois/Air       ####..       1%          2    None
 Shroud of Golubria       Chrm/Tloc      ####..       1%          2    None
 Slow                     Hex            ####....     1%          2    None
 Song of Slaying          Chrm           ####....     1%          2    None
 Sticks to Snakes         Tmut           ####....     1%          2    None
 Dazzling Flash           Conj/Hex       ######       1%          3    None
 Static Discharge         Conj/Air       #######.     1%          3    None
 Stone Arrow              Conj/Erth      ######       1%          3    None
 Lightning Bolt           Conj/Air       #######...   1%          5    None
 Bolt of Magma            Conj/Fire/Erth #######...   2%          5    None
 Confusing Touch          Hex            ####....     3%          3    None
 Gell's Gravitas          Tloc           ####......   3%          3    None
 Ignite Poison            Fire/Tmut/Pois ####....     3%          3    None
 Inner Flame              Hex/Fire       ####....     3%          3    None
 Lesser Beckoning         Tloc           ####......   3%          3    None
 Ozocubu's Armour         Chrm/Ice       ####....     3%          3    None
 Portal Projectile        Hex/Tloc       ####..       3%          3    None
 Recall                   Summ/Tloc      N/A          3%          3    None
 Spectral Weapon          Hex/Chrm       ####....     3%          3    None
 Spider Form              Tmut/Pois      ####......   3%          3    None
 Tukima's Dance           Hex            ####....     3%          3    None
 Iron Shot                Conj/Erth      #######...   3%          6    None
 Airstrike                Air            ####......   12%         4    None
 Animate Dead             Necr           N/A          12%         4    None
 Cause Fear               Hex            ####......   12%         4    None
 Ice Form                 Ice/Tmut       ####....     12%         4    None
 Leda's Liquefaction      Hex/Erth       ####......   12%         4    None
 Olgreb's Toxic Radiance  Pois           ####....     12%         4    None
 Petrify                  Tmut/Erth      ####....     12%         4    None
 Spellforged Servitor     Conj/Summ      #######...   17%         7    ###....
 Agony                    Necr           ####....     34%         5    None
 Alistair's Intoxication  Tmut/Pois      ####....     34%         5    None
 Aura of Abjuration       Summ           ####......   34%         5    None
 Blade Hands              Tmut           ####......   34%         5    None
 Borgnjor's Vile Clutch   Necr/Erth      ####......   34%         5    None
 Lee's Rapid Deconstruct  Erth           ####......   34%         5    None
 Metabolic Englaciation   Hex/Ice        ####......   34%         5    None
 Summon Demon             Summ           ####......   34%         5    None
 Summon Forest            Summ/Tloc      ####......   34%         5    None
 Summon Mana Viper        Hex/Summ       ####....     34%         5    None
 Yara's Violent Unravell  Hex/Tmut       ####......   34%         5    None
 Death Channel            Necr           ####......   88%         6    None
 Invisibility             Hex            ####....     88%         6    None
 Shadow Creatures         Summ           N/A          88%         6    None
 Simulacrum               Ice/Necr       ####......   88%         6    None
 Statue Form              Tmut/Erth      ####.....    88%         6    None
 Ignition                 Fire           ####......   100%        8    #####..
 Shatter                  Erth           ####......   100%        9    ######.
 Tornado                  Air            ####......   100%        9    ######.


Dungeon Overview and Level Annotations

Branches:
Dungeon (15/15)            Temple (0/1) D:7            Lair (6/6) D:8
 Shoals (4/4) Lair:3        Snake (4/4) Lair:3        Slime (5/5) Lair:5
    Orc (2/2) D:11            Elf (3/3) Orc:2        Vaults (3/5) D:13
  Crypt (0/3) Vaults:2     Depths (1/5) D:15          IceCv (visited)
Desolation (visited)

Altars:
Ashenzari
Cheibriados
Dithmenos
Elyvilon
Kikubaaqudgha
Makhleb
Qazlal
Ru
Sif Muna
Trog
Uskayaw
Vehumet
Yredelemnul
Zin
The Shining One
Beogh
Jiyva

Shops:
D:7 :   D:11 %   Orc:2 =*[(   Elf:3 %   Shoals:2 %[*   Snake:1 ?   Vaults:2 ?

Portals:
Trove: Elf:1 (show abyssal rune of Zot)

Annotations:
Slime:5 Royal Jelly
Vaults:3 keltmir's ghost, adept GnSk


Innate Abilities, Weirdness & Mutations

You have a beak for a mouth.
You have claws for feet.
You can fly continuously.
Your flesh is cold resistant. (rC+)
You are dopey. (Int -2)
You are resistant to hostile enchantments. (MR+)
Your muscles are strong. (Str +2)


Message History

Your life force feels restored.
Your Shields skill increases to level 6!
You are feeling hungry.
You feel sick.
You are more poisoned.
The ancient lich touches you but does no damage.
You feel sick.
You are more poisoned.
The ancient lich gestures at you while chanting.
You resist with almost no effort.
The lich casts a spell.
The lich seems to speed up.
Casting: Orb of Destruction (mildly dangerous; 1% risk of failure)
Confirm with . or Enter, or press ? or * to list all spells.
Aiming: Orb of Destruction (mildly dangerous; 1% risk of failure)
Press: ? - help, Shift-Dir - straight line, f - keltmir's ghost
Aim: keltmir's ghost, wielding a weapon of electrocution (radiating toxic energy, umbra)
You feel a surge of power!
You feel sick.
You are more poisoned.
The wavering orb of destruction hits the ancient lich!!!
The ancient lich is heavily damaged.
The balrug gestures at you. Something smites you!
You feel sick.
You are more poisoned.
The ancient lich gestures wildly while chanting.
The ancient lich flickers and vanishes!
Deactivating autopickup; reactivate with Ctrl-A.
There is a large open door here.
You feel sick.
You emit a cloud of dark smoke.
You are more poisoned.
Casting: Orb of Destruction (mildly dangerous; 1% risk of failure)
Confirm with . or Enter, or press ? or * to list all spells.
Aiming: Orb of Destruction (mildly dangerous; 1% risk of failure)
Press: ? - help, Shift-Dir - straight line, f/p - keltmir's ghost
Aim: keltmir's ghost, wielding a weapon of electrocution (black smoke, radiating toxic energy, umbra)
You feel a surge of power!
The wavering orb of destruction weakly hits keltmir's ghost!!
Keltmir's ghost is lightly damaged.
You feel sick.
* * * LOW HITPOINT WARNING * * *
You emit a cloud of dark smoke.
You are more poisoned.
Keltmir's ghost's toxic aura wanes.
Keltmir's ghost gestures wildly while chanting.
Keltmir's ghost begins to radiate toxic energy.
* * * LOW HITPOINT WARNING * * *
You are more poisoned.
The ancient lich casts a spell.
The ancient lich seems to speed up.
You feel sick.
* * * LOW HITPOINT WARNING * * *
You are more poisoned.
Keltmir's ghost casts a spell.
Keltmir's ghost radiates an aura of fear!
You resist with some effort.
You feel very sick.
You feel sick.
You feel sick.
You feel sick.
The lich points at you and mumbles some strange words.
The crystal spear hits you!!!!
Ouch! That really hurt!
You die...

#........########)############
####....(..#......()............
#.###......#....................
#..###.....#................##
#...###....#(...............#
#....#'#...+(...............#
#.....###..+................#
#......###.#.(..#########...#
#.......####....@.).....#...#
#........# #....#.......#...#
########## #.)..#L§§§.§.#...#
######## #....#§L§§§§.#...#
#......# #.)).#§§§1§..# #).....#
#.().#§§§§§§.# #......#
#..(.####§§##### #...<..#
#....#...L§....# #......#
#....#..2L.1...#


You could see an ancient lich (fast) and a lich (fast).

Vanquished Creatures
  An ancient lich (Vaults:3)
  Vashnia (Snake:2)
  Nikola (Elf:3)
  4 deep elf master archers (Elf:3)
  25 acid blobs
  2 sphinxes (Vaults:2)
  3 deep elf blademasters
  A kraken (Shoals:4)
  Polyphemus (Shoals:3)
  A tengu reaver (Vaults:2)
  A storm dragon (Vaults:2)
  9 nagarajas
  27 azure jellies
  A frost giant (Vaults:2)
  Donald (Snake:2)
  A fire giant (Vaults:3)
  Louise (Snake:1)
  An orc warlord (Orc:1)
  5 deep elf sorcerers
  Aizul (Snake:3)
  5 vault wardens
  2 ironheart preservers (Vaults:2)
  6 deep elf elementalists (Elf:3)
  2 stone giants (Vaults:2)
  5 deep elf demonologists (Elf:3)
  An entropy weaver (Vaults:1)
  2 deep elf annihilators (Elf:3)
  17 death oozes
  3 merfolk javelineers (Shoals:4)
  An ettin (Orc:2)
  2 fire dragons
  3 deep elf death magi
  5 merfolk impalers
  Snorg (Lair:3)
  8 deep elf high priests (Elf:3)
  4 great orbs of eyes
  Fannar (Orc:1)
  2 ragged hierophants (Desolation)
  5 yaktaur captains
  Harold (D:9)
  16 naga warriors
  2 ice dragons (IceCv)
  7 hydras
  2 servants of whispers (Desolation)
  A rakshasa (D:12)
  3 peacekeepers
  2 catoblepae
  5 merfolk avatars
  8 merfolk aquamancers
  24 dancing weapons
  A death knight (Vaults:2)
  6 anacondas
  4 centaur warriors
  2 alligator snapping turtles (Shoals:4)
  10 death yaks
  2 satyrs (Shoals:3)
  4 ogre magi
  18 two-headed ogres
  A deep troll shaman (D:15)
  5 orc high priests
  5 shock serpents
  23 naga sharpshooters
  The ghost of Lanoc the Basher, a novice TrBe of Trog (D:6)
  14 deep elf knights
  A shadow wraith (Vaults:3)
  2 deep trolls (Depths:1)
  3 unseen horrors
  An iron troll (Depths:1)
  5 salamander mystics
  An unseen horror (shapeshifter) (Vaults:2)
  4 wizards
  4 sea snakes
  A glowing orange brain (Slime:5)
  6 ironbrand convokers
  A lindwurm (shapeshifter) (Elf:1)
  8 naga ritualists
  5 deep elf archers
  A phantasmal warrior (Vaults:2)
  8 orc knights
  51 deep elf magi
  Pikel (D:8)
  10 mana vipers
  9 orc sorcerers
  5 ugly things
  5 wolf spiders
  7 salamanders
  4 oklob plants
  7 shining eyes
  13 manticores
  A moth of wrath (D:7)
  8 cyclopes
  15 fauns
  2 guardian serpents (Snake:4)
  14 elephants
  An elephant (shapeshifter) (D:13)
  2 merfolk sirens
  2 vault sentinels (Vaults:2)
  33 black mambas
  4 ice statues
  12 water nymphs
  4 gargoyles
  25 naga magi
  10 spiny frogs
  A torpor snail (Lair:4)
  4 eyes of devastation
  5 komodo dragons
  2 tengu conjurers
  2 redback zombies (D:15)
  4 rime drakes
  27 yaktaurs
  3 freezing wraiths
  24 merfolk
  7 trolls
  A queen bee (Lair:2)
  4 polar bears
  5 wind drakes
  A polar bear (shapeshifter) (D:13)
  14 saltlings (Desolation)
  6 hornets (Lair:6)
  7 blink frogs (Lair:5)
  A wind drake (shapeshifter) (D:15)
  A hornet (shapeshifter) (D:13)
  153 slime creatures
  10 snapping turtles
  Prince Ribbit (D:7)
  7 hippogriffs
  A snapping turtle (shapeshifter) (Vaults:1)
  A dream sheep (Lair:6)
  A frost giant simulacrum (Vaults:2)
  A redback (Vaults:1)
  3 air elementals
  15 spriggans (Lair:6)
  A spriggan (shapeshifter) (Vaults:1)
  12 water elementals
  2 tarantellas (Vaults:1)
  3 wraiths
  2 wyverns
  2 shadows (D:15)
  54 yaks
  Eustachio (D:4)
  14 vampire mosquitoes
  A basilisk (shapeshifter) (Elf:3)
  5 fire elementals
  20 golden eyes
  A hungry ghost (D:13)
  3 basilisks
  Grum (D:10)
  2 steam dragons
  6 wargs (Orc:1)
  42 nagas
  The ghost of Amnesiac the Skirmisher, an amateur DEFi (D:5)
  The ghost of Flugslaktarn the Shield-Bearer, an amateur GrFi (D:4)
  An acid dragon (Vaults:1)
  12 water moccasins
  A soldier ant (D:14)
  8 porcupines
  5 black bears
  3 slaves (D:8)
  7 eyes of draining
  3 hornet zombies
  46 orc warriors
  27 ice beasts
  6 sky beasts
  24 ogres
  2 phantoms (D:10)
  An eye of draining (shapeshifter) (D:15)
  11 centaurs
  32 wolves
  9 boggarts
  17 crocodiles
  2 big kobolds
  Blork the orc (D:4)
  17 bullfrogs
  2 wyvern zombies
  4 earth elementals
  A wyvern skeleton (D:14)
  2 scorpions
  A water moccasin skeleton (D:4)
  32 killer bees
  7 wights
  A lava snake (D:14)
  5 howler monkeys
  5 crimson imps
  3 bullfrog zombies
  A quasit (D:14)
  3 centaur zombies
  8 hounds
  10 jellies
  31 orc wizards
  3 bullfrog skeletons
  2 gnoll shamans
  A yaktaur simulacrum (Vaults:1)
  21 orc priests
  3 centaur skeletons
  7 iguanas
  Natasha (thrice) (D:4)
  6 worker ants
  Terence (D:3)
  A killer bee zombie (D:8)
  2 hound zombies
  Robin (D:2)
  9 gnolls
  A howler monkey skeleton (D:6)
  A howler monkey zombie (D:8)
  20 adders
  A hound simulacrum (D:9)
  4 shadow imps
  16 oozes
  2 adder zombies
  3 adder skeletons
  3 worms
  2 dart slugs
  5 leopard geckos
  92 orcs
  2 ball pythons
  11 bats
  3 giant cockroaches
  15 goblins
  12 hobgoblins
  12 jackals
  19 kobolds
  7 quokkas
  4 frilled lizards
  A quokka skeleton (D:3)
  10 rats
  3 plants (Shoals:2)
  2 tentacles (Shoals:4)
1774 creatures vanquished.

Vanquished Creatures (others)
  A slave (D:8)
  10 fulminant prisms
  18 fungi
  8 plants
  4 tentacles (Shoals:4)
41 creatures vanquished.

Grand Total: 1815 creatures vanquished

Notes
Turn   | Place    | Note
-------+----------+-------------------------------------------
     0 | D:1      | Amnesiac the Tengu Conjurer began the quest for the Orb.
     0 | D:1      | Reached XP level 1. HP: 10/10 MP: 4/4
   146 | D:1      | Reached XP level 2. HP: 15/15 MP: 0/6
   150 | D:1      | Learned a level 2 spell: Searing Ray
   587 | D:1      | Reached XP level 3. HP: 19/19 MP: 4/7
   994 | D:2      | Reached XP level 4. HP: 24/24 MP: 2/9
  1287 | D:2      | Noticed Robin
  1373 | D:2      | Found a snail-covered altar of Cheibriados.
  1373 | D:2      | Found a white marble altar of Elyvilon.
  1603 | D:2      | Killed Robin
  1603 | D:2      | Gained mutation: You can fly continuously. [Tengu growth]
  1603 | D:2      | Reached XP level 5. HP: 28/28 MP: 2/10
  1917 | D:3      | Found a shadowy altar of Dithmenos.
  1921 | D:3      | Became a worshipper of Dithmenos the Shadowed
  2467 | D:3      | Noticed Terence
  2475 | D:3      | Killed Terence
  2696 | D:4      | Noticed Natasha
  2699 | D:4      | Killed Natasha
  2699 | D:4      | Reached XP level 6. HP: 32/32 MP: 8/12
  2785 | D:4      | Noticed Natasha
  2792 | D:4      | Killed Natasha
  2866 | D:4      | Noticed Eustachio
  2875 | D:4      | Killed Eustachio
  2875 | D:4      | Reached XP level 7. HP: 18/36 MP: 1/14
  2986 | D:4      | Noticed Blork the orc
  2994 | D:4      | Killed Blork the orc
  2994 | D:4      | Reached * piety under Dithmenos
  3149 | D:4      | Reached skill level 10 in Conjurations
  3192 | D:4      | Noticed Natasha
  3194 | D:4      | Killed Natasha
  3251 | D:4      | Found a basalt altar of Yredelemnul.
  3253 | D:4      | Found an ancient bone altar of Kikubaaqudgha.
  3276 | D:4      | Found a glowing golden altar of the Shining One.
  3278 | D:4      | Found a stormy altar of Qazlal.
  3471 | D:4      | Found a runed translucent gate.
  3472 | D:4      | Found a runed translucent gate.
  3472 | D:4      | Noticed Flugslaktarn's ghost (amateur GrFi)
  3473 | D:4      | Found a runed translucent gate.
  3475 | D:4      | Identified the cursed +1 dagger of Vilo {vorpal, Int+6
                  | Dex+2}
  3479 | D:4      | Found a roughly hewn altar of Beogh.
  3703 | D:4      | Reached skill level 1 in Fighting
  4035 | D:4      | Killed Flugslaktarn's ghost
  4035 | D:4      | Reached skill level 1 in Evocations
  4035 | D:4      | Reached XP level 8. HP: 31/43 MP: 8/15
  4192 | D:5      | Entered Level 5 of the Dungeon
  4277 | D:5      | Reached ** piety under Dithmenos
  4479 | D:5      | Found a runed translucent door.
  4592 | D:5      | Noticed Amnesiac's ghost (amateur DEFi)
  4623 | D:5      | Found a runed translucent door.
  4640 | D:5      | Reached skill level 5 in Dodging
  4733 | D:5      | Killed Amnesiac's ghost
  4733 | D:5      | Reached skill level 5 in Spellcasting
  4745 | D:5      | Found a burning altar of Makhleb.
  5467 | D:6      | Found a bloodstained altar of Trog.
  6149 | D:7      | Found Ynoleqero's Book Shop.
  6173 | D:7      | Reached XP level 9. HP: 51/51 MP: 9/17
  6288 | D:7      | Found a transporter.
  6289 | D:7      | Noticed Lanoc's ghost (novice TrBe)
  6310 | D:7      | Learned a level 4 spell: Iskenderun's Mystic Blast
  6388 | D:7      | Noticed a moth of wrath
  6498 | D:7      | Reached *** piety under Dithmenos
  6573 | D:7      | Found a transporter.
  6583 | D:7      | Found a shimmering blue altar of Sif Muna.
  6584 | D:7      | Found a radiant altar of Vehumet.
  6818 | D:7      | Learned a level 4 spell: Fulminant Prism
  7115 | D:7      | Found a staircase to the Ecumenical Temple.
  7120 | D:7      | Noticed Prince Ribbit
  7126 | D:7      | Killed Prince Ribbit
  7816 | D:7      | Reached skill level 1 in Invocations
  7816 | D:7      | Killed a moth of wrath
  7816 | D:7      | Reached skill level 5 in Fighting
  7816 | D:7      | Reached XP level 10. HP: 59/59 MP: 20/20
  7898 | D:8      | Noticed Pikel
  7985 | D:8      | Noticed a death yak
  7985 | D:8      | Noticed a death yak
  7995 | D:8      | Noticed an oklob plant
  8050 | D:8      | Found a shattered altar of Ashenzari.
  8405 | D:8      | Noticed a death yak
  8531 | D:7      | Killed a death yak
  8812 | D:8      | Found a staircase to the Lair.
  9029 | D:8      | Reached **** piety under Dithmenos
  9041 | D:8      | Killed Pikel
 10064 | D:9      | Found a sacrificial altar of Ru.
 10340 | D:9      | Noticed a gargoyle
 10360 | D:9      | Killed a gargoyle
 10574 | D:9      | Learned a level 7 spell: Orb of Destruction
 10646 | D:9      | Reached XP level 11. HP: 63/63 MP: 15/23
 10831 | D:9      | Noticed Harold
 10924 | D:9      | Killed Harold
 11068 | D:9      | Found a shadowy altar of Dithmenos.
 11101 | D:9      | Learned a level 2 spell: Passwall
 11361 | D:9      | Noticed a purple ugly thing
 11366 | D:9      | Killed a purple ugly thing
 11513 | D:6      | Killed a death yak
 11513 | D:6      | Reached skill level 5 in Invocations
 12036 | D:6      | Killed Lanoc's ghost
 12256 | D:7      | Found a transporter.
 12256 | D:7      | Found a shimmering blue altar of Sif Muna.
 12256 | D:7      | Found a radiant altar of Vehumet.
 12506 | D:7      | Found a staircase to the Ecumenical Temple.
 12661 | D:7      | Found Ynoleqero's Book Shop.
 12689 | D:7      | Found a transporter.
 13280 | D:8      | Killed an oklob plant
 13338 | D:8      | Killed a death yak
 13449 | D:10     | Entered Level 10 of the Dungeon
 13749 | D:10     | Noticed Grum
 13757 | D:10     | Killed Grum
 14593 | D:10     | Reached XP level 12. HP: 68/68 MP: 13/25
 14670 | D:11     | Found Siony's Food Shop.
 14674 | D:11     | Reached ***** piety under Dithmenos
 15084 | D:11     | Reached skill level 15 in Conjurations
 15089 | D:11     | Found a staircase to the Orcish Mines.
 15183 | D:11     | Noticed a two-headed ogre
 15189 | D:11     | Killed a two-headed ogre
 15685 | D:12     | Noticed a rakshasa
 15716 | D:12     | Killed a rakshasa
 15730 | D:12     | Noticed a two-headed ogre
 15733 | D:12     | Killed a two-headed ogre
 15944 | D:12     | Reached skill level 10 in Spellcasting
 16665 | Orc:1    | Entered Level 1 of the Orcish Mines
 17362 | Orc:1    | Noticed an orc high priest
 17364 | Orc:1    | Noticed a sun demon
 17629 | D:11     | Reached XP level 13. HP: 61/72 MP: 0/29
 18179 | Orc:1    | Noticed Fannar
 18191 | Orc:1    | Killed Fannar
 18483 | Orc:2    | Entered Level 2 of the Orcish Mines
 18576 | Orc:2    | Noticed an ettin
 19120 | Orc:2    | Killed an ettin
 19502 | Orc:2    | Found a staircase to the Elven Halls.
 20051 | Orc:2    | Reached ****** piety under Dithmenos
 20311 | Orc:2    | Noticed an orc warlord
 20556 | Orc:1    | Killed an orc warlord
 20771 | Orc:2    | Paralysed by an orc sorcerer for 2 turns
 21165 | Orc:2    | Learned a level 1 spell: Summon Butterflies
 21167 | Orc:2    | Learned a level 1 spell: Magic Dart
 21217 | Orc:2    | Learned a level 5 spell: Iskenderun's Battlesphere
 21328 | Orc:2    | Found Fuojeis's Antique Armour Shoppe.
 21329 | Orc:2    | Found Foiniuvam's Antique Weapon Emporium.
 21330 | Orc:2    | Found Cur Geci's General Store.
 21330 | Orc:2    | Found Sennuod's Jewellery Shoppe.
 21531 | Orc:2    | Bought the +3 long sword "Bumyu" {elec, *Contam rPois Int+5
                  | SInv} for 660 gold pieces
 21540 | Orc:2    | Bought the amulet "Jaiseiha" {Reflect Int+4 Dex+3 SH+5} for
                  | 672 gold pieces
 21595 | Elf:1    | Entered Level 1 of the Elven Halls
 21823 | Elf:1    | Reached XP level 14. HP: 78/78 MP: 18/32
 21878 | Elf:1    | Found a ruined gateway.
 21883 | Desolati | Entered the Desolation of Salt
 21981 | Desolati | Reached skill level 10 in Invocations
 22188 | Desolati | Reached skill level 10 in Dodging
 22342 | Desolati | Noticed an imperial myrmidon
 22361 | Desolati | Noticed a halazid warlock
 23172 | Elf:1    | Reached skill level 1 in Shields
 23392 | Elf:1    | Noticed a quicksilver dragon
 23394 | Elf:1    | Noticed a golden dragon
 23394 | Elf:1    | a quicksilver dragon changed into a golden dragon
 23486 | Elf:1    | Noticed a deep elf sorcerer
 23503 | Elf:1    | Killed a deep elf sorcerer
 24136 | Elf:1    | Paralysed by an orc sorcerer for 4 turns
 24447 | Elf:1    | Found a portal to a secret trove of treasure.
 25182 | D:13     | Found a gate to the Vaults.
 25334 | D:13     | Reached XP level 15. HP: 82/82 MP: 23/34
 25446 | D:13     | Found a hide-covered altar of Uskayaw.
 25822 | Lair:1   | Entered Level 1 of the Lair of Beasts
 25947 | Lair:1   | Got an encrusted battleaxe
 26759 | Lair:2   | Identified a paperback manual
 27382 | D:7      | Bought a book of Minor Magic for 220 gold pieces
 27386 | D:7      | Learned a level 3 spell: Mephitic Cloud
 27869 | Elf:2    | Gained mutation: Your muscles are strong. (Str +2) [a
                  | neqoxec]
 28148 | Elf:2    | Reached skill level 15 in Spellcasting
 28781 | Elf:2    | Found a runed translucent gate.
 28781 | Elf:2    | Found a runed translucent gate.
 28781 | Elf:2    | Found a runed translucent gate.
 28892 | Elf:2    | HP: 2/82 [+2 dire flail of protection (26)]
 29297 | Elf:2    | Noticed a deep elf blademaster
 29305 | Elf:2    | Killed a deep elf blademaster
 30326 | Elf:3    | Entered Level 3 of the Elven Halls
 30406 | Elf:3    | Found Sinomous's Food Boutique.
 30423 | Elf:3    | Reached XP level 16. HP: 49/88 MP: 16/36
 31077 | Elf:3    | Noticed Nikola
 32618 | Elf:3    | Killed Nikola
 32714 | Elf:3    | Identified the +0 chain mail of Narcissism {rElec rF+ rC-
                  | rCorr}
 32714 | Elf:3    | Noticed a deep elf master archer
 32754 | Elf:3    | Noticed a deep elf blademaster
 32758 | Elf:3    | Killed a deep elf blademaster
 32770 | Elf:3    | Identified the ring of Wogyg {MR+ Int+3}
 32885 | Elf:3    | Learned a level 3 spell: Conjure Flame
 32969 | Elf:3    | Noticed a deep elf master archer
 32994 | Elf:3    | Killed a deep elf master archer
 32994 | Elf:3    | Reached skill level 15 in Dodging
 33084 | Elf:3    | Identified the +0 ring mail of the Minstrel {+Fly}
 33084 | Elf:3    | Identified the +1 great mace of Destruction {freeze,
                  | *Corrode Dex+7}
 33203 | Elf:3    | Noticed a deep elf blademaster
 33220 | Elf:3    | Killed a deep elf blademaster
 33277 | Elf:3    | Learned a level 2 spell: Blink
 33620 | Elf:3    | Killed a deep elf master archer
 34108 | Elf:3    | Reached skill level 5 in Stealth
 34172 | Elf:3    | Reached XP level 17. HP: 43/100 MP: 17/37
 34196 | Elf:3    | Noticed a deep elf master archer
 34202 | Elf:3    | Killed a deep elf master archer
 34275 | Elf:3    | Noticed a deep elf master archer
 34281 | Elf:3    | Killed a deep elf master archer
 34388 | Elf:3    | Identified the cursed +0 leather armour of Liberalism
                  | {Slay+3}
 34986 | Elf:3    | Gained mutation: You do not regenerate when monsters are
                  | visible. [mutagenic glow]
 36503 | D:15     | Entered Level 15 of the Dungeon
 37562 | D:15     | Found a staircase to the Depths.
 38012 | D:15     | Lost mutation: You do not regenerate when monsters are
                  | visible. [potion of mutation]
 38012 | D:15     | Lost mutation: Your muscles are strong. (Str +2) [potion of
                  | mutation]
 38012 | D:15     | Gained mutation: You are frail. (-10% HP) [potion of
                  | mutation]
 38012 | D:15     | Gained mutation: Your muscles are strong. (Str +2) [potion
                  | of mutation]
 38012 | D:15     | Gained mutation: You are agile. (Dex +2) [potion of
                  | mutation]
 38013 | D:15     | Lost mutation: You are agile. (Dex +2) [potion of mutation]
 38013 | D:15     | Lost mutation: You are frail. (-10% HP) [potion of
                  | mutation]
 38013 | D:15     | Lost mutation: Your muscles are strong. (Str +2) [potion of
                  | mutation]
 38013 | D:15     | Gained mutation: Your mind is acute. (Int +2) [potion of
                  | mutation]
 38013 | D:15     | Gained mutation: Your movements are slightly less
                  | encumbered by armour. (ER -2) [potion of mutation]
 38073 | Depths:1 | Entered Level 1 of the Depths
 38812 | Lair:3   | Found a staircase to the Shoals.
 39025 | Lair:3   | Found a frozen archway.
 39067 | IceCv    | Entered an ice cave
 39938 | Lair:3   | Noticed Snorg
 39944 | Lair:3   | Killed Snorg
 40186 | Lair:3   | Found a staircase to the Snake Pit.
 42131 | Lair:5   | Got a blackened falchion
 42145 | Lair:5   | Identified the +10 falchion of Kindness {freeze, rF+} (You
                  | found it on level 5 of the Lair of Beasts)
 42333 | Lair:5   | Found a viscous altar of Jiyva.
 42338 | Lair:5   | Found a staircase to the Slime Pits.
 42419 | Lair:5   | Identified the Disquisition on Feathery Stolen Souls
 42763 | Lair:5   | Reached XP level 18. HP: 105/105 MP: 29/39
 42878 | Lair:6   | Entered Level 6 of the Lair of Beasts
 43351 | Lair:6   | Found a glowing silver altar of Zin.
 44372 | Lair:6   | Got a jewelled dagger
 45111 | Lair:6   | Identified the +4 dagger of Gehenna {vamp, Str+6} (You
                  | found it on level 6 of the Lair of Beasts)
 45188 | Snake:1  | Entered Level 1 of the Snake Pit
 45270 | Snake:1  | Found Imyaqyx's Magic Scroll Emporium.
 45289 | Snake:1  | Bought a scroll of enchant armour for 127 gold pieces
 45289 | Snake:1  | Bought a scroll of blinking for 127 gold pieces
 45519 | Snake:1  | Noticed Louise
 45536 | Snake:1  | Killed Louise
 46458 | Snake:2  | Noticed Vashnia
 47540 | Snake:2  | Killed Vashnia
 47680 | Snake:2  | Noticed Donald
 47686 | Snake:2  | Killed Donald
 48277 | Snake:3  | Noticed Aizul
 48282 | Snake:3  | Killed Aizul
 49143 | Snake:3  | Found a basalt altar of Yredelemnul.
 49695 | Snake:4  | Entered Level 4 of the Snake Pit
 50078 | Snake:4  | Reached XP level 19. HP: 110/110 MP: 28/42
 53869 | Snake:4  | Got a serpentine rune of Zot
 54430 | Shoals:1 | Entered Level 1 of the Shoals
 55306 | Shoals:1 | You are sucked into a shaft and drop 1 floor!
 55306 | Shoals:2 | Found Tetokh's Assorted Antiques.
 55315 | Shoals:2 | Bought a scroll of magic mapping for 115 gold pieces
 55323 | Shoals:2 | Found Itolukyt's Antique Armour Boutique.
 55728 | Shoals:2 | Found Woen's Food Shoppe.
 56599 | Shoals:1 | Reached XP level 20. HP: 115/115 MP: 24/44
 57509 | Shoals:3 | Noticed Polyphemus
 57518 | Shoals:3 | Killed Polyphemus
 58307 | Shoals:4 | Entered Level 4 of the Shoals
 58642 | Shoals:4 | Found a flickering gateway to a bazaar.
 58686 | Bazaar   | Entered a bazaar
 58724 | Bazaar   | Found Gulaca's Weapon Boutique.
 58724 | Bazaar   | Found Sek Wea's Gadget Shop.
 58729 | Bazaar   | Bought a wand of clouds (5) for 297 gold pieces
 58749 | Bazaar   | Found Zeetef's Weapon Shop.
 58749 | Bazaar   | Found Roun's Magic Scroll Boutique.
 58754 | Bazaar   | Bought a scroll of enchant weapon for 90 gold pieces
 58754 | Bazaar   | Bought a scroll of silence for 90 gold pieces
 58780 | Bazaar   | Bought a wand of digging (5) for 198 gold pieces
 58780 | Bazaar   | Bought a phantom mirror for 330 gold pieces
 58780 | Bazaar   | Bought a phantom mirror for 330 gold pieces
 58780 | Bazaar   | Bought a wand of enslavement (6) for 88 gold pieces
 58780 | Bazaar   | Bought a wand of enslavement (8) for 110 gold pieces
 58780 | Bazaar   | Bought a wand of enslavement (11) for 143 gold pieces
 58805 | Shoals:4 | Reached skill level 10 in Fighting
 59041 | Shoals:4 | Got a barnacled rune of Zot
 59103 | Shoals:4 | Identified the ring of Lanilemo {rC+ Str+5 Int+3 Dex-3}
 60375 | Slime:1  | Entered Level 1 of the Pits of Slime
 61772 | Slime:2  | Lost mutation: Your mind is acute. (Int +2) [a shining eye]
 62007 | Slime:3  | Gained mutation: Armour fits poorly on your strangely
                  | shaped body. [a shining eye]
 62047 | Slime:3  | Gained mutation: Your spells are a little easier to cast,
                  | but a little less powerful. [a shining eye]
 62102 | Slime:2  | Lost mutation: Your spells are a little easier to cast, but
                  | a little less powerful. [potion of mutation]
 62102 | Slime:2  | Lost mutation: Armour fits poorly on your strangely shaped
                  | body. [potion of mutation]
 62102 | Slime:2  | Gained mutation: Armour fits poorly on your strangely
                  | shaped body. [potion of mutation]
 62102 | Slime:2  | Gained mutation: You are clumsy. (Dex -2) [potion of
                  | mutation]
 62102 | Slime:2  | Gained mutation: Your system is resistant to poisons.
                  | (rPois) [potion of mutation]
 62102 | Slime:2  | Gained mutation: You are robust. (+10% HP) [potion of
                  | mutation]
 63907 | Slime:4  | Gained mutation: You are dopey. (Int -2) [a shining eye]
 63910 | Slime:3  | Lost mutation: Your system is resistant to poisons. (rPois)
                  | [potion of mutation]
 63910 | Slime:3  | Lost mutation: Armour fits poorly on your strangely shaped
                  | body. [potion of mutation]
 63910 | Slime:3  | Lost mutation: You are robust. (+10% HP) [potion of
                  | mutation]
 63910 | Slime:3  | Lost mutation: You are dopey. (Int -2) [potion of mutation]
 63910 | Slime:3  | Gained mutation: You are dopey. (Int -2) [potion of
                  | mutation]
 63910 | Slime:3  | Gained mutation: You are frail. (-10% HP) [potion of
                  | mutation]
 63910 | Slime:3  | Gained mutation: Your muscles are strong. (Str +2) [potion
                  | of mutation]
 63911 | Slime:3  | Lost mutation: You are clumsy. (Dex -2) [potion of
                  | mutation]
 63911 | Slime:3  | Lost mutation: Your movements are slightly less encumbered
                  | by armour. (ER -2) [potion of mutation]
 63911 | Slime:3  | Lost mutation: You are frail. (-10% HP) [potion of
                  | mutation]
 63911 | Slime:3  | Gained mutation: Your flesh is cold resistant. (rC+)
                  | [potion of mutation]
 63911 | Slime:3  | Gained mutation: You are resistant to hostile enchantments.
                  | (MR+) [potion of mutation]
 64152 | Slime:3  | Reached XP level 21. HP: 60/128 MP: 21/46
 64611 | Slime:5  | Entered Level 5 of the Pits of Slime
 66258 | Slime:4  | Learned a level 2 spell: Swiftness
 68530 | Slime:5  | Found a viscous altar of Jiyva.
 68531 | Slime:5  | Noticed the Royal Jelly
 70167 | Slime:5  | HP: 5/132 [death ooze/exploding inner flame[the player
                  | character] (17)]
 70167 | Slime:5  | HP: 1/132 [cloud of flame (4)]
 71325 | Vaults:1 | Entered Level 1 of the Vaults
 71920 | Vaults:1 | Reached skill level 15 in Fighting
 73767 | Vaults:2 | Reached XP level 22. HP: 140/140 MP: 42/47
 74324 | Vaults:2 | Found Riddoses's Magic Scroll Shop.
 74464 | Vaults:2 | Got a crystal morningstar
 75227 | Vaults:2 | Reached skill level 5 in Shields
 75458 | Vaults:2 | Found a staircase to the Crypt.
 76706 | Vaults:3 | Found a runed translucent gate.
 76706 | Vaults:3 | Found a runed translucent gate.
 76706 | Vaults:3 | Found a runed translucent gate.
 76708 | Vaults:3 | Found an ancient bone altar of Kikubaaqudgha.
 76708 | Vaults:3 | Noticed an ancient lich
 76709 | Vaults:3 | Noticed an ancient lich
 76709 | Vaults:3 | Noticed an ancient lich
 76710 | Vaults:3 | Noticed keltmir's ghost (adept GnSk)
 76873 | Vaults:3 | Killed an ancient lich
 76883 | Vaults:3 | Killed from afar by a lich

Illustrated notes

Levels and vault maps discovered:
D:1:      minmay_arrival_glassed_features, layout_loops_ring
D:2:      layout_basic, gammafunk_temple_overflow_elements,
          kennysheep_generic_room_4, uniq_robin
D:3:      layout_basic, first_ration, nicolae_dithmenos_shadow_blocks,
          uniq_terence
D:4:      wander_river, layout_basic, nicolae_overflow_hidden_temple,
          biasface_ghost_orc_armoury, uniq_eustachio, uniq_blork_the_orc,
          uniq_natasha
D:5:      layout_basic, ebering_ghost_sewer_f, bloody_makhleb
D:6:      layout_loops_cross, overflow_temple_1_default
D:7:      layout_layer_cave, gammafunk_temple_overflow_statue,
          minmay_temple_entry_nine_rooms, gammafunk_ghost_berserking_beasts,
          serial_shops, shop, uniq_prince_ribbit1
D:8:      lemuel_slime, layout_rooms, nicolae_overflow_crystal_walls,
          dpeg_lair_monsters, uniq_pikel
D:9:      layout_grid_maze, old_standard_altar, basic_altar, minmay_radiant,
          uniq_harold
D:10:     layout_long_grid, grunt_tengu_nest, uniq_grum
D:11:     layout_rooms, orc_0_dummy, serial_shops, shop,
          nicolae_straight_to_the_point
D:12:     layout_roguey
D:13:     layout_gridville, david_vaults_2, basic_altar
D:14:     layout_loops_corners, nicolae_lava_and_water
D:15:     grunt_enter_depths_snipers, layout_grid_maze,
          chequers_decorated_corner, minivault_15
Lair:1:   layout_cave_pods, chequers_serial_rivers_room_a
Lair:2:   layout_cave_pods, special_room [special_room_bee], st_stairs_11
Lair:3:   layout_loops_ring, minmay_shoals_entry_centaurs,
          minmay_snake_entry_guardpost_small, portal_ice_cave_entry_ice_beasts,
          grunt_megastairs_3, lemuel_fruit_fields, uniq_snorg
Lair:4:   layout_loops_ring, st_stairs_13
Lair:5:   layout_regular_city, slime_altar_1, minmay_lair_oklob_chamber,
          lemuel_fruit_fields
Lair:6:   minmay_lair_end_enchanted_forest, layout_cave_pods,
          lemuel_altar_in_water2
Shoals:1: layout_shoals, nicolae_shoals_aquamancer_cove
Shoals:2: layout_shoals, serial_shops,
          nicolae_shop_temple_entry_statues_fountains, nicolae_shop_stone,
          shop_fountains, dpeg_stationary_puzzle
Shoals:3: layout_shoals, uniq_polyphemus
Shoals:4: shoals_end_simple, layout_shoals, serial_shops, bzr_entry_customers
Snake:1:  layout_onion, serial_shops, shop_fountains, abandoned_shop,
          grunt_ministairs_11, nicolae_snake_shapes, uniq_louise
Snake:2:  layout_misc_corridors, serial_bayou_pond_c, uniq_vashnia, uniq_donald
Snake:3:  layout_chambers, basic_altar, nicolae_snake_squiggles, uniq_aizul
Snake:4:  snake_pit, layout_cave_town
Slime:1:  layout_caves
Slime:2:  layout_caves
Slime:3:  layout_caves
Slime:4:  layout_caves
Slime:5
Orc:1:    layout_caves, nooodl_orcs_dogs, uniq_fannar
Orc:2:    st_orc_congregation, layout_diamond_mine
Elf:1:    eino_elf_arrival_customs, layout_loops_cross,
          portal_desolation_entry_ruin, nicolae_trove_entry_diagonal,
          hangedman_elf_disciples
Elf:2:    layout_geoelf_octagon, fountainhead, corexii_hall_statues_s
Elf:3:    minmay_elf_hall_not_hex, layout_loops_corners, serial_shops, shop,
          st_stairs_13, uniq_nikola
Vaults:1: nicolae_vaults_twisting_passages, vaults_dpeg_diagonal,
          hangedman_vaults_maws, nicolae_vaults_network_star,
          nicolae_vaults_puzzle_piece, grunt_vaults_swirl,
          nicolae_vaults_network_square, v_misc_15, ontoclasm_vaults_idyll,
          vaults_room_hallway, ontoclasm_vaults_tryst, layout_vaults_big_cross
Vaults:2: nicolae_vaults_little_squares_6, minmay_crypt_entry_simple_walls,
          v_misc_31, st_diamondy, nicolae_vaults_triangles,
          ontoclasm_vaults_loading_screen, nicolae_vaults_little_squares_1,
          vaults_room_door_hall, layout_vaults_omnigrid, serial_shops,
          shop_statue
Vaults:3: gammafunk_vaults_ghost_crypt, nicolae_vaults_alarming,
          ontoclasm_vaults_bender, v_misc_10, grunt_vaults_trifunnel,
          vaults_dpeg_encased_lava, v_misc_28, grunt_vaults_diagonal, v_rooms_1,
          hangedman_vaults_stream, v_alt_pattern_4, vaults_room_semicircle,
          layout_vaults_omnibox
Depths:1: layout_cave_pools, enter_ziggurat_f, grunt_metal_band,
          rand_demon_pan_entry_5, horrible_house_mu, uniq_saint_roka

Skill      XL: |  1  2  3  4  5  6  7  8  9 10 11 12 13 14 15 16 17 18 19 20 21 22 |
---------------+-------------------------------------------------------------------+-----
Conjurations   | 6 7 8 9 10 12 14 15 16 18 19 20 | 20.0
Spellcasting   | 3 4 5 6 7 8 11 13 14 15 16 18 19 20 | 20.0
Fighting       | 1 3 5 9 12 15 | 15.5
Dodging        | 3 6 8 9 11 13 15 16 18 | 18.9
Evocations     | 1 3 4 |  4.0
Invocations    | 2 4 6 8 9 10 12 | 12.0
Shields        | 4 6 |  6.1
Stealth        | 3 5 8 |  8.0

Action                   |  1- 3 |  4- 6 |  7- 9 | 10-12 | 13-15 | 16-18 | 19-21 | 22-24 || total
-------------------------+-------+-------+-------+-------+-------+-------+-------+-------++-------
Melee: Kick              |       |     1 |       |    14 |    26 |    33 |    67 |     5 ||   146
       Unarmed           |       |     1 |       |       |       |       |       |       ||     1
       Dagger            |       |       |       |    48 |    40 |       |       |       ||    88
       Peck              |       |       |       |     7 |    25 |    20 |    42 |     5 ||    99
       Long sword        |       |       |       |       |    26 |     4 |       |       ||    30
       Staff             |       |       |       |       |       |    59 |   143 |    13 ||   215
 Fire: Hunting sling     |       |    55 |   118 |   106 |       |       |       |       ||   279
Throw: Stone             |       |       |       |     2 |     7 |       |       |       ||     9
 Cast: Magic Dart        |    15 |    14 |       |       |   359 |  1047 |   556 |    22 ||  2013
       Searing Ray       |    22 |    24 |    62 |   241 |   316 |   138 |   182 |     1 ||   986
       Fulminant Prism   |       |       |     1 |     9 |       |       |       |       ||    10
       Iskenderun's Myst |       |       |     1 |     2 |     4 |       |       |       ||     7
       Orb of Destructio |       |       |       |    35 |   110 |   251 |   587 |   125 ||  1108
       Passwall          |       |       |       |     4 |     4 |     5 |     3 |       ||    16
       Iskenderun's Batt |       |       |       |       |     3 |     9 |       |       ||    12
       Conjure Flame     |       |       |       |       |       |     1 |     1 |       ||     2
       Blink             |       |       |       |       |       |     2 |     4 |       ||     6
Invok: Shadow Form       |       |       |       |       |     2 |       |     1 |       ||     3
 Abil: Fly               |       |     1 |       |       |       |       |       |       ||     1
Evoke: Wand              |       |       |     7 |     5 |    16 |     2 |     6 |       ||    36
       Lightning rod     |       |       |       |       |       |       |     4 |       ||     4
  Use: Scroll            |       |     8 |     3 |     8 |    10 |    20 |    19 |       ||    68
       Potion            |       |       |     2 |       |     9 |     4 |    29 |       ||    44
  Eat: Chunk             |     2 |     7 |    14 |    27 |    59 |    76 |    39 |    14 ||   238
       Ration            |       |       |       |     6 |     4 |     9 |    23 |     2 ||    44
Armor: Robe              |     2 |     1 |     2 |       |       |    45 |    50 |     1 ||   101
       Leather armour    |       |       |     6 |    33 |    46 |       |       |       ||    85
       Skin              |       |       |       |       |     7 |       |       |       ||     7
       Troll leather arm |       |       |       |       |       |       |     3 |       ||     3
Dodge: Dodged            |     9 |    19 |    75 |   187 |   432 |   721 |   950 |    43 ||  2436
Block: Other             |       |       |       |       |    14 |       |       |       ||    14
       Reflection        |       |       |       |       |    14 |    51 |    77 |    12 ||   154
       Buckler           |       |       |       |       |   134 |   568 |   625 |    34 ||  1361
       Rpst.: Long sword |       |       |       |       |    74 |    14 |       |       ||    88

Table legend:
 A = Non-vault XP
 B = Vault XP
 C = Vault XP percentage of total XP
 D = Non-vault monster count
 E = Vault monster count
 F = Vault count percentage of total count
                 A         B        C        D         E       F
            +---------+---------+-------+---------+---------+-------
      Total |  370333 |  281982 |  43.2 |    1164 |     567 |  32.8
            +---------+---------+-------+---------+---------+-------
        D:1 |      34 |       0 |   0.0 |      18 |       0 |   0.0
        D:2 |     121 |      40 |  24.8 |      32 |      14 |  30.4
        D:3 |      82 |      32 |  28.1 |      20 |       1 |   4.8
        D:4 |     349 |     591 |  62.9 |      14 |      14 |  50.0
        D:5 |     565 |     273 |  32.6 |      29 |       5 |  14.7
        D:6 |     121 |    1699 |  93.4 |       3 |       2 |  40.0
        D:7 |    1706 |    2142 |  55.7 |      34 |       7 |  17.1
        D:8 |     795 |    2475 |  75.7 |      13 |      30 |  69.8
        D:9 |    1665 |    1675 |  50.1 |      25 |       5 |  16.7
       D:10 |    3592 |     761 |  17.5 |      45 |       4 |   8.2
       D:11 |    4381 |       0 |   0.0 |      28 |       0 |   0.0
       D:12 |    5337 |       0 |   0.0 |      23 |       0 |   0.0
       D:13 |    6462 |     898 |  12.2 |      36 |       3 |   7.7
       D:14 |    5921 |       0 |   0.0 |      39 |       0 |   0.0
       D:15 |   11392 |    2790 |  19.7 |      35 |       4 |  10.3
     Lair:1 |    2459 |       0 |   0.0 |      15 |       0 |   0.0
     Lair:2 |    1340 |    2026 |  60.2 |      13 |      29 |  69.0
     Lair:3 |    3123 |    2697 |  46.3 |      17 |      16 |  48.5
     Lair:4 |    4603 |       0 |   0.0 |      21 |       0 |   0.0
     Lair:5 |    9371 |    2119 |  18.4 |      37 |       5 |  11.9
     Lair:6 |   12199 |    6793 |  35.8 |      36 |      45 |  55.6
   Shoals:1 |    8125 |    3616 |  30.8 |      16 |       4 |  20.0
   Shoals:2 |   10653 |     399 |   3.6 |      25 |       1 |   3.8
   Shoals:3 |   13092 |    4877 |  27.1 |      29 |       4 |  12.1
   Shoals:4 |    7972 |   18195 |  69.5 |      15 |      33 |  68.8
    Snake:1 |    4607 |    8126 |  63.8 |      15 |      13 |  46.4
    Snake:2 |   11185 |   10224 |  47.8 |      20 |       6 |  23.1
    Snake:3 |   10733 |    1684 |  13.6 |      18 |       1 |   5.3
    Snake:4 |   37848 |   28631 |  43.1 |      68 |      43 |  38.7
    Slime:1 |   12206 |       0 |   0.0 |      35 |       0 |   0.0
    Slime:2 |   13177 |       0 |   0.0 |      33 |       0 |   0.0
    Slime:3 |   19462 |       0 |   0.0 |      45 |       0 |   0.0
    Slime:4 |   25709 |       0 |   0.0 |      40 |       0 |   0.0
    Slime:5 |   27738 |   16354 |  37.1 |      40 |      13 |  24.5
      Orc:1 |    5434 |    4243 |  43.8 |      35 |      18 |  34.0
      Orc:2 |    3732 |    9233 |  71.2 |      22 |      69 |  75.8
      Elf:1 |   12897 |    8351 |  39.3 |      26 |      15 |  36.6
      Elf:2 |    9915 |   22850 |  69.7 |      25 |      28 |  52.8
      Elf:3 |   17937 |   51024 |  74.0 |      30 |      33 |  52.4
   Vaults:1 |   14604 |   19898 |  57.7 |      36 |      34 |  48.6
   Vaults:2 |   16396 |   23312 |  58.7 |      34 |      22 |  39.3
   Vaults:3 |    9044 |    9527 |  51.3 |      21 |       5 |  19.2
   Depths:1 |    2249 |       0 |   0.0 |       3 |       0 |   0.0
      IceCv |       0 |    4679 | 100.0 |       0 |      20 | 100.0
 Desolation |       0 |    9748 | 100.0 |       0 |      21 | 100.0
            +---------+---------+-------+---------+---------+-------
